 Dungeon Crawl Stone Soup version 0.01-2087-gb5e28fc70b (webtiles) character file.

Game seed: 11025026662367290708, levelgen mode: deterministic

862 funkygono the Ruffian (level 7, -1/96 HPs) Troll Demonspawn. Began on May 31, 2020. Slain by a flying skull (8 damage) ... on level 3 of the Dungeon. The game lasted 00:08:39 (2319 turns).

funkygono the Ruffian (Troll Demonspawn)            Turns: 2319, Time: 00:08:41

Health: -1/96      AC:  7    Str: 30    XL:     7 ^: 194
Magic:  8/8        EV: 10    Int:  8    God:
Gold:   65         SH:  0    Dex:  9    Spells: 7/8 levels left

rFire    + . .     Vision   .     - Unarmed
rCold    x . .     Gourm    +     - Unarmed
rNeg     . . .     Faith    .   a - +0 robe
rPois    .         Spirit   .   (helmet restricted)
rElec    .         Reflect  .   (no cloak)
rCorr    .         Harm     .   (gloves unavailable)
MR       .....                  (boots unavailable)
Stlth    ..........             m - amulet of rage
HPRegen  0.82/turn              b - ring of stealth
MPRegen  0.18/turn              k - ring of fire

@: berserking, slowed
A: large, unfitting armour, claws 3, rugged brown scales 1, fast metabolism 3,
gourmand, nightstalker 1, regeneration 1, shaggy fur 1, spiny 1, tough skin 3
a: Evoke Berserk Rage


You were on level 3 of the Dungeon.
You were very full.

You visited 1 branch of the dungeon, and saw 3 of its levels.

You collected 65 gold pieces.

Inventory:

Armour
 a - a +0 robe (worn)
Jewellery
 b - a ring of stealth (left claw)
 k - a ring of fire (right claw)
 m - an amulet of rage (around neck)
 s - an uncursed ring of wizardry
Wands
 o - a wand of disintegration (8)
Scrolls
 d - 3 scrolls of blinking
 e - 2 scrolls of fear
 g - a scroll of teleportation
 n - 3 scrolls of enchantment
 p - a scroll of fog
 r - a scroll of amnesia
Potions
 h - 4 potions of curing
 i - a potion of haste
 l - a potion of ambrosia
 q - a potion of agility
 t - a potion of heal wounds
Comestibles
 c - 8 rations
 f - 13 chunks of flesh


   Skills:
 + Level 1.9 Fighting
 + Level 3.1 Dodging
 + Level 2.6 Stealth
 + Level 6.5 Unarmed Combat
 + Level 1.3 Spellcasting
   Level 2.4 Invocations


You had 7 spell levels left.
You knew the following spells:

 Your Spells              Type           Power        Failure   Level  Hunger
a - Flame Tongue          Fire           0 (40)       36%         1    ##.....

Your spell library contained the following spells:

 Spells                   Type           Power        Failure   Level  Hunger
 Blink                    Tloc           N/A          50%         2    ###....
 Call Imp                 Summ           0 (100)      50%         2    ###....
 Slow                     Hex            0 (100)      50%         2    ###....
 Conjure Flame            Fire           0 (100)      75%         3    ####...
 Mephitic Cloud           Pois/Air       0 (100)      75%         3    ####...


Dungeon Overview and Level Annotations

Branches:
Dungeon (3/8)

Altars:
Cheibriados


Innate Abilities, Weirdness & Mutations

You are too large for most types of armour.
You have claws for hands. (+6 Unarmed)
You are partially covered in rugged brown scales. (AC +1, +3% HP)
Your metabolism is lightning-fast.
You like to eat raw meat.
You are slightly more attuned to the shadows.
Your natural rate of healing is unusually fast.
You are covered in fur. (AC +1)
You are partially covered in sharp spines.
You have extremely tough skin. (AC +3)


Message History

The flying skull hits you (1). The wraith is struck by your spines.
The wraith hits you (10)!
* * * LOW HITPOINT WARNING * * *
The flying skull is struck by your spines.
The flying skull hits you but does no damage.
The wraith hits you but does no damage. The flying skull hits you (5).
* * * LOW HITPOINT WARNING * * *
A red film seems to cover your vision as you go berserk!
You feel yourself moving faster!
You feel mighty! The flying skull hits you (8)!
* * * LOW HITPOINT WARNING * * *
The wraith barely misses you (0). The flying skull barely misses you (0).
You closely miss the flying skull. You scratch the flying skull (3).
The flying skull is severely damaged. (8/20) HP The wraith hits you (9)!
* * * LOW HITPOINT WARNING * * *
The wraith drains your vigour!
You feel as though you will be slow longer.
The flying skull hits you (8)!
You die...

...... #..# ..... #.## ....####
##.## ...÷†..# ##.# ....##.####
#.# ## #.#.......# ##.# #####.
#.###.....# ##.## #####..... #
####>...#######Wz..###......##.
#.....#.....÷.@zz......####.#..
.............################.###
.................................
.................................
...###......############.....?###
.). #......# #......... #...####
#......... #...# #.........
#.........


You could see a wraith and 3 flying skulls.

Vanquished Creatures
  A wraith (D:3)
  An ogre (D:3)
  A scorpion (D:3)
  2 crimson imps (D:3)
  An orc priest (D:3)
  2 orc wizards (D:3)
  Terence (D:2)
  3 worker ants
  An iron imp (D:3)
  8 gnolls
  7 adders
  3 worms (D:2)
  3 oozes (D:2)
  5 dart slugs
  2 leopard geckos (D:1)
  4 orcs (D:3)
  4 ball pythons
  5 giant cockroaches
  10 goblins
  13 hobgoblins
  4 jackals (D:3)
  3 quokkas
  5 bats
  9 frilled lizards
  A jackal skeleton (D:3)
  6 kobolds
  A leopard gecko skeleton (D:3)
  12 rats
118 creatures vanquished.

Notes
Turn   | Place    | Note
-------+----------+-------------------------------------------
     0 | D:1      | funkygono the Troll Demonspawn began the quest for the Orb.
     0 | D:1      | Reached XP level 1. HP: 19/19 MP: 1/1
   144 | D:1      | Gained mutation: You are slightly more attuned to the
                  | shadows. [demonic ancestry]
   144 | D:1      | Reached XP level 2. HP: 27/27 MP: 2/2
   327 | D:1      | Reached XP level 3. HP: 35/35 MP: 4/4
   655 | D:2      | Reached skill level 3 in Unarmed Combat
   655 | D:2      | Reached XP level 4. HP: 30/42 MP: 5/5
   861 | D:2      | Reached XP level 5. HP: 49/49 MP: 6/6
  1289 | D:2      | Noticed Terence
  1312 | D:2      | Killed Terence
  1312 | D:2      | Reached skill level 4 in Unarmed Combat
  1603 | D:3      | Gained mutation: You are partially covered in rugged brown
                  | scales. (AC +1, +3% HP) [demonic ancestry]
  1603 | D:3      | Reached XP level 6. HP: 48/58 MP: 7/7
  1753 | D:3      | Reached skill level 5 in Unarmed Combat
  1960 | D:3      | Gained mutation: You are partially covered in sharp spines.
                  | [demonic ancestry]
  1960 | D:3      | Reached XP level 7. HP: 63/64 MP: 8/8
  2151 | D:3      | Found a snail-covered altar of Cheibriados.
  2260 | D:3      | Reached skill level 6 in Unarmed Combat
  2292 | D:3      | Noticed a wraith
  2300 | D:3      | Killed a wraith
  2301 | D:3      | Noticed a flying skull
  2301 | D:3      | Noticed a flying skull
  2301 | D:3      | Noticed a flying skull
  2301 | D:3      | Noticed a wraith
  2303 | D:3      | Noticed a flying skull
  2303 | D:3      | Noticed a flying skull
  2303 | D:3      | Noticed a flying skull
  2319 | D:3      | Slain by a flying skull

Levels and vault maps discovered:
D:1:      mainiacjoe_arrival_reflecting_pool, layout_basic,
          minmay_tiny_reverse_x
D:2:      layout_basic, first_ration, uniq_terence
D:3:      ossuary_bcadren_due_volcanic, layout_basic, slow_altar_2

Skill      XL: |  1  2  3  4  5  6  7 |
---------------+----------------------+-----
Unarmed Combat | 3 4 5 6 |  6.5
Dodging        | 3 |  3.1
Stealth        | 2 |  2.6
Fighting       | |  1.9
Spellcasting   | |  1.3
Invocations    | |  2.4

Action                   |  1- 3 |  4- 6 |  7- 9 || total
-------------------------+-------+-------+-------++-------
Melee: Unarmed           |    98 |   244 |    64 ||   406
Evoke: Wand              |       |     1 |       ||     1
  Use: Potion            |       |       |     1 ||     1
 Stab: Sleeping          |     9 |    16 |     2 ||    27
       Distracted        |       |     1 |       ||     1
  Eat: Chunk             |    11 |    12 |     3 ||    26
Armor: Robe              |    15 |    31 |     6 ||    52
Dodge: Dodged            |    24 |    44 |    14 ||    82
